 Dungeon Crawl Stone Soup version 0.16-a0-139-gc9fe9b1 (webtiles) character file.

200 Ratboiler the Cudgeler (level 5, -5/72 HPs)
             Began as an Ogre Artificer on Aug 14, 2014.
             Was an Initiate of Okawaru.
             Slain by a gnoll
             ... wielding a +1 halberd of chopping
              (12 damage)
             ... on Level 3 of the Dungeon.
             The game lasted 00:07:14 (2957 turns).

Ratboiler the Cudgeler (Ogre Artificer)             Turns: 2957, Time: 00:07:15

HP  -5/72        AC  4     Str 21      XL: 5   Next: 79%
MP   7/7         EV 10     Int 11      God: Okawaru [......]
Gold 185         SH  0     Dex 11      Spells:  0 memorised,  4 levels left

rFire  . . .     SeeInvis .     y - +0 mace (holy)
rCold  . . .     Clarity  .     e - +0 robe
rNeg   . . .     rCorr    .     (shield restricted)
rPois  .         rRot     .     v - +1 hat
rElec  .         Spirit   .     (no cloak)
SustAb .         Warding  .     (gloves unavailable)
rMut   .         Stasis   .     (boots unavailable)
Gourm  .                        u - amulet of rage
MR     .....                    (no ring)
                                (no ring)

@: berserking, very quick, not resistant to hostile enchantments, extremely
unstealthy
A: unfitting armour, tough skin 1
a: Renounce Religion, Evoke Berserk Rage


You were on level 3 of the Dungeon.
You worshipped Okawaru.
Okawaru was noncommittal.
You were not hungry.

You visited 1 branch of the dungeon, and saw 3 of its levels.

You collected 185 gold pieces.

Inventory:

Hand weapons
 a - a +1 club
 l - a +0 flail
 y - a +0 mace of holy wrath (weapon)
Missiles
 h - 3 javelins (quivered)
 n - 21 poisoned needles
 x - 20 sling bullets
Armour
 e - a +0 robe (worn)
 v - a +1 hat (worn)
Magical devices
 b - a wand of flame (3)
 c - a wand of enslavement (15)
 d - a wand of random effects (14)
Comestibles
 f - 2 meat rations
 t - 2 bread rations
 z - a rotting chunk of orc flesh
Scrolls
 g - 2 scrolls of noise {unknown}
 o - a scroll of enchant armour {unknown}
 q - a scroll of teleportation {unknown}
 r - a scroll of identify {unknown}
 s - a scroll of fear {unknown}
 w - a scroll of immolation {unknown}
Jewellery
 k - an uncursed ring of wizardry {unknown}
 u - an amulet of rage (around neck)
Potions
 i - a potion of heal wounds {unknown}
 j - a potion of invisibility {unknown}
 m - a potion of curing
 p - a potion of agility
 A - 2 potions of poison {unknown}


   Skills:
 - Level 1.3 Fighting
 * Level 5.8 Maces & Flails
 + Level 3.2 Dodging
 - Level 0.7 Stealth
 + Level 2.6 Evocations


You had 4 spell levels left.
You didn't know any spells.

Dungeon Overview and Level Annotations

Branches:
Dungeon (3/15)

Altars:
Ashenzari
Dithmenos
Fedhas
Gozag
Okawaru


Innate Abilities, Weirdness & Mutations

You are too large for most types of armour.
You have tough skin (AC +1).


Message History

Okawaru is noncommittal.
You start resting.
The smell of rotting flesh makes you sick. (slot z)
You start resting.
Things that are here:
a club; a flail The gnoll hits you with a runed halberd!
You barely miss the gnoll. The gnoll barely misses you.
You closely miss the gnoll. The gnoll barely misses you.
You hit the gnoll but do no damage. You barely miss the gnoll.
The gnoll hits you with a runed halberd!
You hit the gnoll but do no damage.
The gnoll hits you with a runed halberd!
* * * LOW HITPOINT WARNING * * *
x2 Use which ability? (? or * to list)
A red film seems to cover your vision as you go berserk!
You feel yourself moving faster!
You feel mighty!
The gnoll hits you with a runed halberd!
You die...

#.#####..###.##
##.# #.# #.###.#
#..##.# ##.##.#
#..#)# ##.#)#
#######...#########
#.g@)..............
#'######..#########
.gg.......# #..#
g........# ##.#
.........# #.#
.........# #.#
.!......# #..
.......# #..
......# #


You could see a gnoll.

Vanquished Creatures
  Jessica (D:2)
  6 adders
  4 gnolls
  A giant mite (D:2)
  3 worms
  A giant gecko (D:2)
  An ooze (D:2)
  6 orcs (D:3)
  5 giant cockroaches
  10 hobgoblins
  7 kobolds
  2 bats (D:1)
  2 giant newts (D:2)
  6 goblins
  10 rats
65 creatures vanquished.

Notes
Turn   | Place    | Note
--------------------------------------------------------------
     0 | D:1      | Ratboiler, the Ogre Artificer, began the quest for the Orb.
     0 | D:1      | Reached XP level 1. HP: 19/19 MP: 1/1
   266 | D:1      | Reached skill level 3 in Maces & Flails
   266 | D:1      | Reached XP level 2. HP: 22/27 MP: 2/2
   419 | D:1      | Reached XP level 3. HP: 33/33 MP: 4/4
   881 | D:2      | Reached skill level 4 in Maces & Flails
   926 | D:2      | Reached XP level 4. HP: 24/41 MP: 5/5
  1043 | D:2      | Found an opulent altar of Gozag.
  1375 | D:2      | Noticed Jessica
  1408 | D:2      | Killed Jessica
  1408 | D:2      | Reached skill level 5 in Maces & Flails
  1580 | D:2      | Found an opulent altar of Gozag.
  1583 | D:2      | Found an iron altar of Okawaru.
  1583 | D:2      | Found a shattered altar of Ashenzari.
  1583 | D:2      | Found a shadowy altar of Dithmenos.
  1585 | D:2      | Found a blossoming altar of Fedhas.
  1602 | D:2      | Became a worshipper of Warmaster Okawaru
  1683 | D:2      | Reached XP level 5. HP: 37/48 MP: 7/7
  2957 | D:3      | Slain by a gnoll

Action                   |  1- 3 |  4- 6 || total
-------------------------+-------+-------++-------
Melee: Club              |    33 |       ||    33
       Flail             |    50 |   141 ||   191
       Mace              |       |    28 ||    28
 Abil: Evoke Berserk Rag |       |     1 ||     1
Evoke: Wand              |     6 |     7 ||    13
  Use: Potion            |       |     1 ||     1
  Eat: Chunk             |       |     7 ||     7
